 Dungeon Crawl Stone Soup version 0.30-a0-347-gf58ed5266c (webtiles) character file.

Game seed: 1811892786001358323

1 dracfodder the Conjurer (level 1, 0/14 HPs)
             Began as a Draconian Conjurer on Nov 6, 2022.
             Slain by a kobold
             ... wielding a +0 whip
              (1 damage)
             ... on level 1 of the Dungeon.
             The game lasted 00:00:36 (36 turns).

dracfodder the Conjurer (Draconian Conjurer)          Turns: 36, Time: 00:00:36

Health: 0/14       AC:  4    Str:  9    XL:     1   Next: 16%
Magic:  2/3        EV: 12    Int: 18    God:
Gold:   9          SH:  0    Dex:  9    Spells: 3/4 levels left

rFire   . . .      SeeInvis .    (no weapon)
rCold   . . .      Faith    .    (no shield)
rNeg    . . .      Spirit   .    (body armour unavailable)
rPois   .          Reflect  .    (helmet restricted)
rElec   .          Harm     .    (no cloak)
rCorr   .          Rampage  .    (no gloves)
Will    .....                    (no boots)
Stlth   ++........               (no amulet)
HPRegen 0.22/turn                (no ring)
MPRegen 0.08/turn                (no ring)

@: slowed, very slow
A: AC +4, unfitting armour, cold-blooded
a: no special abilities


You were on level 1 of the Dungeon.
You visited 1 branch of the dungeon, and saw 1 of its levels.

You collected 9 gold pieces.

Inventory:

Scrolls
 b - a scroll of identify {unknown}
Potions
 a - a potion of magic


   Skills:
 + Level 1.7 Dodging
 + Level 1.7 Stealth
 + Level 2.0 Spellcasting
 + Level 4.0 Conjurations


You had 3 spell levels left.
You knew the following spells:

 Your Spells              Type           Power      Damage    Failure   Level
a - Magic Dart            Conj           64%        1d6       3%          1

Your spell library contained the following spells:

 Spells                   Type           Power      Damage    Failure   Level
 Searing Ray              Conj           32%        2d5       5%          2
 Dazzling Flash           Conj/Hex       18%        N/A       24%         3
 Fulminant Prism          Conj/Hex       4%         3d5       61%         4
 Iskenderun's Mystic Bla  Conj/Tloc      9%         2d4       61%         4


Dungeon Overview and Level Annotations

Branches:
Dungeon (1/15)

Altars:


Innate Abilities, Weirdness & Mutations

Your plain brown scales are hard. (AC +4)
You cannot fit into any form of body armour.
You are cold-blooded and may be slowed by cold attacks.


Message History

There is a stone staircase leading down here.
A kobold comes into view. It is wielding a +0 whip.
The kobold shouts!
A goblin comes into view. It is wielding a +0 dagger.
The endoplasm completely misses you.
The goblin shouts!
The giant cockroach closely misses you. The endoplasm freezes you.
You are frozen.
The giant cockroach bites you but does no damage. x2
The kobold attacks as you move away! The kobold barely misses you.
The giant cockroach attacks as you move away!
The giant cockroach closely misses you. The endoplasm freezes you.
You are frozen.
You feel yourself slow down. The kobold attacks as you move away!
The kobold barely misses you. The endoplasm attacks as you move away!
The endoplasm barely misses you.
The giant cockroach bites you but does no damage.
The kobold attacks as you move away! The kobold closely misses you.
You feel yourself speed up. The endoplasm freezes you.
You are frozen.
You feel yourself slow down. The giant cockroach closely misses you.
The kobold hits you but does no damage. The endoplasm freezes you.
You are frozen.
You feel as though you will be slow longer.
The kobold attacks as you move away! The kobold hits you but does no damage.
The giant cockroach waves its antennae.
The giant cockroach closely misses you. The endoplasm freezes you.
You are frozen.
You feel as though you will be slow longer.
The endoplasm freezes you.
You are frozen.
* * * LOW HITPOINT WARNING * * *
The endoplasm attacks as you move away! The endoplasm barely misses you.
The endoplasm misses you. The giant cockroach misses you.
The kobold closely misses you. The endoplasm misses you.
The kobold attacks as you move away! The kobold hits you with a +0 whip.
You die...

.g## ..# #.#
#.#### #....####
#.......##
#.>..J...#
#..gJBK..###
#....@...#<## #
#...........#....
#................#
#.................
#............#....
#.................
#...........##....
.)...=.......#
....
#..............#
..


You could see 2 endoplasms, a giant cockroach, a goblin and a kobold.

Vanquished Creatures
  A goblin (D:1)
1 creature vanquished.

Notes
Turn   | Place    | Note
-------+----------+-------------------------------------------
     0 | D:1      | dracfodder the Draconian Conjurer began the quest for the
                  | Orb.
     0 | D:1      | Reached XP level 1. HP: 14/14 MP: 3/3
    36 | D:1      | Slain by a kobold

Illustrated notes

Levels and vault maps discovered:
D:1:      saegor_arrival_simple_a, layout_rooms

Action                   || total
-------------------------++-------
 Cast: Magic Dart        ||     2
Armor: Skin              ||     5
Dodge: Dodged            ||    14

Table legend: (Time is in decaauts)
 A = Elapsed time spent in this place.
 B = Non-inter-level travel time spent in this place.
 C = Inter-level travel time spent in this place.
 D = Time resting spent in this place.
 E = Time spent auto-exploring this place.
 F = Levels seen in this place.
 G = Mean time per level.
                   A        B        C        D        E       F      G
               +--------+--------+--------+--------+--------+-----+--------+
         Total |     38 |     38 |      0 |      0 |     12 |   1 |   38.0 |
       Dungeon |     38 |     38 |      0 |      0 |     12 |   1 |   38.0 |
               +--------+--------+--------+--------+--------+-----+--------+

Top non-repeatable levels by time:
     D:1: 38 daAuts
